 Dungeon Crawl Stone Soup version 0.30-a0-1161-g0704695555 (webtiles) character file.

Game seed: 12454273278724529174

551 ytrimaz the Ducker (level 7, 0/46 HPs)
             Began as an Octopode Fighter on Apr 27, 2023.
             Was a Follower of Okawaru.
             Slain by an iguana (5 damage)
             ... on level 4 of the Dungeon.
             The game lasted 00:04:09 (3651 turns).

ytrimaz the Ducker (Octopode Fighter)               Turns: 3651, Time: 00:04:10

Health: 0/46       AC:  1    Str: 15    XL:     7   Next: 29%
Magic:  10/10      EV: 14    Int: 10    God:    Okawaru [*.....]
Gold:   210        SH:  6    Dex: 14    Spells: 6/6 levels left

rFire   . . .        a - +1 long sword
rCold   . . .        b - +1 buckler
rNeg    + . .        (helmet restricted)
rPois   .            (no amulet)
rElec   .            e - ring of positive energy
rCorr   .            j - ring of willpower
SInv    .            (no ring)
Will    +....        (no ring)
Stlth   ++           (no ring)
HPRegen 0.27/turn    (no ring)
MPRegen 0.12/turn    (no ring)
                     (no ring)

%: no passive effects
@: no status effects
A: almost no armour, amphibious, 8 rings, camouflage 1, gelatinous body 1,
(nimble swimmer 1), tentacles
a: Renounce Religion, Heroism


You were on level 4 of the Dungeon.
You worshipped Okawaru.
Okawaru was aware of your devotion.
You visited 1 branch of the dungeon, and saw 4 of its levels.

You collected 210 gold pieces.


Innate Abilities, Weirdness & Mutations

You cannot wear most types of armour.
You are amphibious.
You can wear up to eight rings at the same time.
Your skin changes colour to match your surroundings (Stealth+).
Your rubbery body absorbs attacks. (AC +1, EV +1)
((You are camouflaged when in or above water. (Stealth+)))
You have tentacles for arms and can constrict up to eight enemies at once.


   Skills:
 - Level 3.0 Fighting
 + Level 4.5 Long Blades
 + Level 5.1 Dodging
 - Level 4.0 Shields
 * Level 4.0 Invocations


You had 6 spell levels left.
You didn't know any spells.
Your spell library contained the following spells:

 Spells                   Type           Power      Damage    Failure   Level
 Apportation              Tloc           0%         N/A       43%         1
 Necrotise                Necr           0%         1d4       43%         1
 Inner Flame              Hex/Fire       0%         N/A       82%         3
 Yara's Violent Unravell  Hex/Tmut       0%         3d3       100%        5
 Enfeeble                 Hex            0%         N/A       100%        7
 Summon Small Mammal      Summ           Unusable   N/A       N/A         1

Inventory:

Hand Weapons
 a - a +1 long sword (weapon)
Missiles
 c - a throwing net (quivered)
Armour
 b - a +1 buckler (worn)
Jewellery
 e - a ring of positive energy (left tentacle)
   (You found it on level 1 of the Dungeon)
 j - a ring of willpower (right tentacle)
   (You found it on level 4 of the Dungeon)
Scrolls
 i - 2 scrolls of amnesia {unknown}
 n - a scroll of fear
Potions
 d - 2 potions of ambrosia {unknown}
 f - 2 potions of heal wounds
 g - a potion of lignification
 h - 3 potions of berserk rage {unknown}
 k - a potion of curing {unknown}

Dungeon Overview and Level Annotations

Branches:
Dungeon (4/15) Zot: 20292
 Temple: D:4-7

Altars:
Okawaru

Shops:
D:2 =

Annotations:
D:2 1 runed translucent door, Crazy Yiuf

####... # .....# ###.# #...#
... #######
..###...###.##..........
#........)..............
#.###...####.#.#........ #.
#....# #.#.# #####.
#.##.#..# #. .# ####.
##....#.@# #.#.# #....
#.##.....#.l# #...#####....
...w.....#..#####...........
.......[.#.....##.####...>..
#.###.....†...........>...[.
#......###.##.######...#
.....o#.### #$##.# #....
#.##o.#.# #.##.# ####. #
#.o.#.# #.##.# .


You could see an iguana.


Message History

You hear a shout!
You hear a shout!
An orc comes into view. It is wielding a +0 heavy mace.
You see here the +0 pair of gloves of the Sunfish {rElec Dex-2 SInv}.
The orc shouts!
The orc closely misses you. The orc attacks as you move away!
The orc barely misses you. The orc attacks as you move away!
The orc hits you with a +0 hand axe. 😕 HP[-4]
You take 4 damage, and now have 42/46 hp.
Okay, then.
You hit the orc. You grab the orc. You squeeze the orc. You constrict the orc.
The orc barely misses you.
You slash the orc!
You kill the orc!
Okawaru accepts your kill.
You hit the orc but do no damage. You grab the orc. You constrict the orc.
The orc misses you.
You slash the orc!
You kill the orc!
Okawaru accepts your kill.
The orc hits you with a +0 heavy mace! 😮 HP[-12]
You take 12 damage, and now have 30/46 hp.
MASSIVE DAMAGE!! (PAUSE)
You barely miss the orc. You grab the orc. Your squeeze misses the orc.
You constrict the orc. You hit the orc. You squeeze the orc.
You kill the orc!
Okawaru accepts your kill.
Unknown command.
You hit the orc. You grab the orc. Your squeeze misses the orc.
You constrict the orc. The orc closely misses you. 😮 HP[+1]
You hit the orc. Your squeeze misses the orc. You constrict the orc.
You kill the orc!
Okawaru accepts your kill.
The orc hits you with a +0 flail. 😮 HP[-2]
You take 2 damage, and now have 29/46 hp.
You slash the orc!
You kill the orc!
You hit the ogre. Your squeeze misses the ogre. The ogre misses you. 😮 HP[+1]
You hit the ogre. Your squeeze misses the ogre.
The ogre hits you with a +0 giant club!
* * * LOW HITPOINT WARNING * * *
😨 HP[-17]
You take 17 damage, and now have 13/46 hp.
MASSIVE DAMAGE!! (PAUSE)
You slash the ogre! Your squeeze misses the ogre. The ogre misses you.
You slash the ogre!
You squeeze the ogre. 😨 HP[+1] Unknown command.
You slash the ogre!
You kill the ogre!
Okawaru accepts your kill.
You can now gain great but temporary skills.
Your Dodging skill increases to level 5!
Your Invocations skill increases to level 4!
You slash the orc!
You kill the orc!
Okawaru accepts your kill.
Items here: ))))))) [[ †††. 😨 HP[+1] Unknown command.
A worm is nearby!
A worm is nearby!
Unknown command.
A worm is nearby!
The worm completely misses you.
You completely miss the worm. You grab the worm. You constrict the worm.
The worm bites you but does no damage. 😨 HP[+1]
You hit the worm. You constrict the worm.
An iguana comes into view.
Unknown command.
You barely miss the worm.
The iguana hisses angrily.
You squeeze the worm!
You kill the worm!
Okawaru accepts your kill. 😨 MP[+1]
Your mp is fully restored (10). 😨 HP[+1]
The iguana completely misses you.
You hit the iguana. Your grab misses the iguana. The iguana bites you!
* * * LOW HITPOINT WARNING * * *
😱 HP[-8]
You take 8 damage, and now have 9/46 hp.
Unknown command.
You closely miss the iguana. Your grab misses the iguana.
You squeeze the iguana. The iguana bites you.
* * * LOW HITPOINT WARNING * * *
😱 HP[-4]
You take 4 damage, and now have 5/46 hp.
You barely miss the iguana. You grab the iguana. You constrict the iguana.
The iguana misses you.
You hit the iguana. You constrict the iguana. The iguana bites you.
You die...

Skill      XL: |  1  2  3  4  5  6  7 |
---------------+----------------------+-----
Shields        | 4 |  4.0
Long Blades    | 3 4 |  4.5
Dodging        | 4 5 |  5.1
Invocations    | 1 3 4 |  4.0
Fighting       | |  3.0

Action                     |  1- 3 |  4- 6 |  7- 9 || total
---------------------------+-------+-------+-------++-------
  Melee: Long sword        |    48 |   124 |    29 ||   201
         Constrict         |    12 |    26 |     8 ||    46
         Tentacles         |    11 |    25 |     7 ||    43
         Punch             |       |     1 |       ||     1
    Use: Scroll            |     1 |     6 |       ||     7
         Potion            |       |     3 |       ||     3
   Stab: Sleeping          |     7 |     9 |     1 ||    17
 Armour: Skin              |     5 |     7 |     1 ||    13
  Dodge: Dodged            |    21 |    58 |    12 ||    91
  Block: Buckler           |     5 |    22 |     1 ||    28

Levels and vault maps discovered:
D:1:      amcnicky_arrival_abandoned_market, layout_basic,
          minmay_tree_intersection, chequers_avenue,
          corexii_item_surrounded_by_moat
D:2:      kennysheep_the_goblin_king, layout_basic, serial_shops,
          nicolae_shop_real_fake_doors, uniq_crazy_yiuf_cottage
D:3:      wad_lake_hut, layout_basic, okawaru_trees_2,
          wander_ebering_terrifying_dragon_lair
D:4:      layout_loops_ring, uniq_edmund

Notes
Turn   | Place    | Note
-------+----------+-------------------------------------------
     0 | D:1      | ytrimaz the Octopode Fighter began the quest for the Orb.
     0 | D:1      | Reached XP level 1. HP: 16/16 MP: 1/1
     0 | D:1      | magus.rc [v1.9.6]
   343 | D:1      | Reached XP level 2. HP: 20/21 MP: 2/2
   841 | D:1      | Reached XP level 3. HP: 26/26 MP: 3/3
  1071 | D:2      | Found Adouch's Jewellery Shoppe.
  1212 | D:2      | Reached skill level 4 in Shields
  1212 | D:2      | Reached XP level 4. HP: 26/31 MP: 4/4
  1652 | D:2      | Found a runed translucent door.
  1653 | D:2      | Noticed Crazy Yiuf
  1969 | D:3      | Reached skill level 3 in Long Blades
  1987 | D:3      | You pick up a book of Cantrips and begin reading...
  1987 | D:3      | You add the spells Necrotise, Summon Small Mammal and
                  | Apportation to your library.
  2264 | D:3      | HP: 2/31 [acid (9)]
  2267 | D:3      | Reached skill level 4 in Dodging
  2267 | D:3      | Reached XP level 5. HP: 25/36 MP: 5/5
  2330 | D:3      | Found an iron altar of Okawaru.
  2594 | D:3      | You pick up a book of Misfortune and begin reading...
  2594 | D:3      | You add the spells Inner Flame, Yara's Violent Unravelling
                  | and Enfeeble to your library.
  3058 | D:3      | Became a worshipper of Warmaster Okawaru
  3196 | D:4      | Reached skill level 1 in Invocations
  3201 | D:4      | HP: 9/36 [orc priest/+0 flail (12)]
  3203 | D:4      | Reached XP level 6. HP: 10/42 MP: 5/7
  3374 | D:4      | Reached skill level 2 in Invocations
  3379 | D:4      | Noticed Edmund
  3393 | D:4      | Killed Edmund
  3394 | D:4      | Reached skill level 4 in Long Blades
  3418 | D:4      | Reached skill level 3 in Invocations
  3418 | D:4      | Reached XP level 7. HP: 27/46 MP: 9/9
  3609 | D:4      | Identified the +0 pair of gloves of the Sunfish {rElec
                  | Dex-2 SInv}
  3637 | D:4      | Reached * piety under Okawaru
  3638 | D:4      | Reached skill level 5 in Dodging
  3638 | D:4      | Reached skill level 4 in Invocations
  3648 | D:4      | HP: 9/46 [iguana (8)]
  3651 | D:4      | Slain by an iguana

Vanquished Creatures
  Edmund (D:4)
  An ogre (D:4)
  A phantom (D:4)
  An orc priest (D:4)
  A jelly (D:3)
  An iguana (D:4)
  An orc wizard (D:4)
  2 adders (D:2)
  3 gnolls (D:4)
  An ufetubus (D:3)
  2 worms
  4 dart slugs
  16 orcs
  12 endoplasms
  6 giant cockroaches
  13 goblins
  6 hobgoblins
  3 jackals (D:2)
  5 kobolds
  4 quokkas
  4 ball pythons
  8 bats
  6 frilled lizards
  A rat (D:3)
103 creatures vanquished.

Vanquished Creatures (others)
  4 plants (D:3)
4 creatures vanquished.

Grand Total: 107 creatures vanquished

Table legend:
 A = Non-vault XP
 B = Vault XP
 C = Vault XP percentage of total XP
 D = Non-vault monster count
 E = Vault monster count
 F = Vault count percentage of total count
                 A         B        C        D         E       F
            +---------+---------+-------+---------+---------+-------
      Total |     620 |     168 |  21.3 |      94 |       9 |   8.7
            +---------+---------+-------+---------+---------+-------
        D:1 |      39 |       0 |   0.0 |      19 |       0 |   0.0
        D:2 |      66 |      14 |  17.5 |      23 |       7 |  23.3
        D:3 |     101 |       1 |   1.0 |      27 |       1 |   3.6
        D:4 |     414 |     153 |  27.0 |      25 |       1 |   3.8
            +---------+---------+-------+---------+---------+-------

Skill      XL: |  1  2  3  4  5  6  7 |
---------------+----------------------+-----
Shields        | 4 |  4.0
Long Blades    | 3 4 |  4.5
Dodging        | 4 5 |  5.1
Invocations    | 1 3 4 |  4.0
Fighting       | |  3.0

Action                     |  1- 3 |  4- 6 |  7- 9 || total
---------------------------+-------+-------+-------++-------
  Melee: Long sword        |    48 |   124 |    29 ||   201
         Constrict         |    12 |    26 |     8 ||    46
         Tentacles         |    11 |    25 |     7 ||    43
         Punch             |       |     1 |       ||     1
    Use: Scroll            |     1 |     6 |       ||     7
         Potion            |       |     3 |       ||     3
   Stab: Sleeping          |     7 |     9 |     1 ||    17
 Armour: Skin              |     5 |     7 |     1 ||    13
  Dodge: Dodged            |    21 |    58 |    12 ||    91
  Block: Buckler           |     5 |    22 |     1 ||    28

Illustrated notes

Table legend:
 A = Kills in this place as a percentage of kills in the entire game.
 B = Kills by you in this place as a percentage of kills by you in the entire game.
 C = Kills by friends in this place as a percentage of kills by friends in the entire game.
 D = Other kills in this place as a percentage of other kills in the entire game.
 E = Experience gained in this place as a percentage of experience gained in the entire game.
 F = Experience gained in this place divided by the number of levels of this place that you have seen.
                   A       B       C       D       E      F
               +-------+-------+-------+-------+-------+----------------------
         Total | 100.0 | 100.0 |   N/A |   N/A | 100.0 | 197.0
       Dungeon | 100.0 | 100.0 |   N/A |   N/A | 100.0 | 197.0
               +-------+-------+-------+-------+-------+----------------------

Table legend: (Time is in decaauts)
 A = Elapsed time spent in this place.
 B = Non-inter-level travel time spent in this place.
 C = Inter-level travel time spent in this place.
 D = Time resting spent in this place.
 E = Time spent auto-exploring this place.
 F = Levels seen in this place.
 G = Mean time per level.
                   A        B        C        D        E       F      G
               +--------+--------+--------+--------+--------+-----+--------+
         Total |   3706 |   3489 |    217 |      0 |   2785 |   4 |  926.5 |
       Dungeon |   3706 |   3489 |    217 |      0 |   2785 |   4 |  926.5 |
               +--------+--------+--------+--------+--------+-----+--------+

Top non-repeatable levels by time:
     D:3: 1216 daAuts
     D:2: 1040 daAuts
     D:1: 931 daAuts
     D:4: 518 daAuts
